 Dungeon Crawl Stone Soup version 0.28.0-43-g3370ac3207 (webtiles) character file.

Game seed: 10346611938868246356

23 terff the Sneak (level 2, -3/19 HPs)
             Began as an Octopode Brigand on Mar 20, 2022.
             Slain by an orc
             ... wielding a +0 short sword
              (4 damage)
             ... on level 3 of the Dungeon.
             The game lasted 00:01:58 (438 turns).

terff the Sneak (Octopode Brigand)                   Turns: 438, Time: 00:01:59

Health: -3/19      AC:  1    Str: 10    XL:     2   Next: 95%
Magic:  0/2        EV: 13    Int: 13    God:
Gold:   7          SH:  0    Dex: 19    Spells: 1/1 levels left

rFire   . . .      SeeInvis .   a - +2 dagger
rCold   . . .      Faith    .   (no shield)
rNeg    . . .      Spirit   +   (helmet restricted)
rPois   .          Reflect  .   f - amulet of guardian spirit
rElec   .          Harm     .   d - +6 ring of dexterity
rCorr   .          Rampage  .   (no ring)
Will    .....                   (no ring)
Stlth   +++++.....              (no ring)
HPRegen 0.06/turn               (no ring)
MPRegen 0.08/turn               (no ring)
                                (no ring)
                                (no ring)

@: no status effects
A: almost no armour, amphibious, 8 rings, camouflage 1, gelatinous body 1,
(nimble swimmer 1), tentacles
a: no special abilities


You were on level 3 of the Dungeon.
You visited 1 branch of the dungeon, and saw 3 of its levels.

You collected 7 gold pieces.

Inventory:

Hand Weapons
 a - a +2 dagger (weapon)
Missiles
 b - 8 poisoned darts (quivered)
 c - 2 curare-tipped darts
Jewellery
 d - a +6 ring of dexterity (left tentacle)
 f - an amulet of guardian spirit (around mantle)


   Skills:
 + Level 2.0 Fighting
 + Level 2.1 Short Blades
 + Level 2.0 Throwing
 + Level 1.0 Dodging
 + Level 6.5 Stealth


You had one spell level left.
You didn't know any spells.
Your spell library was empty.

Dungeon Overview and Level Annotations

Branches:
Dungeon (3/15)

Altars:

Shops:
D:1 !=


Innate Abilities, Weirdness & Mutations

You cannot wear most types of armour.
You are amphibious.
You can wear up to eight rings at the same time.
Your skin changes colour to match your surroundings (Stealth+).
Your rubbery body absorbs attacks. (AC +1, EV +1)
((You are camouflaged when in or above water. (Stealth+)))
You have tentacles for arms and can constrict up to eight enemies at once.


Message History

You hit the orc. Your grab misses the orc.
The orc is heavily wounded.
The orc hits the plant with a +0 mace.
The plant begins to die.
The orc hits the bush but does no damage.
The orc completely misses you. The orc closely misses you.
You closely miss the orc. You grab the orc.
The orc is heavily wounded.
You constrict the orc. The orc barely misses you.
The orc hits the plant with a +0 mace!
The orc hits the bush but does no damage.
The orc hits you with a +0 short sword.
You hit the orc.
You kill the orc!
The orc hits the plant with a +0 mace.
The orc misses you.
The orc hits the bush but does no damage.
The orc hits the bush but does no damage.
Things that are here:
a +0 club; an orc corpse You closely miss the orc.
You grab the orc. You squeeze the orc.
The orc is heavily wounded.
You constrict the orc.
The orc hits the bush but does no damage.
The orc hits you with a +0 club. The orc misses you.
You hit the orc.
You kill the orc!
A nearby plant withers and dies.
The orc closely misses you.
You hit the orc. Your grab misses the orc.
The orc is moderately wounded.
The orc closely misses you. The orc hits you with a +0 short sword.
* * * LOW HITPOINT WARNING * * *
You hit the orc but do no damage. Your grab misses the orc.
Your squeeze misses the orc.
The orc is moderately wounded.
The orc hits you with a +0 mace.
* * * LOW HITPOINT WARNING * * *
The orc closely misses you.
As you read the scroll labelled MAYDYENEMA, it crumbles to dust.
The scroll dissolves into smoke.
It was a scroll of fog.
The orc barely misses you. The orc hits you with a +0 short sword.
You die...

#.# #.# #.# #.# #:#
#.#♣♣♣ #.♣PP♣♣♣
#[..§o@♣ #.♣♣PPo§§♣
#..♣♣§§§♣♣ ##
########...♣♣.P.. P♣
♣..........♣♣P♣PP♣
.♣♣♣♣.......##.♣♣♣♣♣♣
P.P♣♣♣......# .#
....♣♣......# #
♣P♣...♣.....#


You could see 2 orcs.

Vanquished Creatures
  An adder (D:3)
  5 orcs (D:3)
  A hobgoblin (D:1)
  A kobold (D:2)
  2 rats
10 creatures vanquished.

Vanquished Creatures (others)
  A plant (D:3)
1 creature vanquished.

Grand Total: 11 creatures vanquished

Notes
Turn   | Place    | Note
-------+----------+-------------------------------------------
     0 | D:1      | terff the Octopode Brigand began the quest for the Orb.
     0 | D:1      | Reached XP level 1. HP: 14/14 MP: 1/1
    43 | D:1      | Found Gogirgh's Jewellery Emporium.
    95 | D:1      | Found Weugunn's Distillery.
   195 | D:3      | Reached XP level 2. HP: 19/19 MP: 2/2
   197 | D:3      | Reached skill level 6 in Stealth
   438 | D:3      | Slain by an orc

Illustrated notes

Levels and vault maps discovered:
D:1:      amcnicky_arrival_gap_in_the_tavern_cellar, layout_rooms, serial_shops,
          nicolae_shop_statue_plus, shop,
          nicolae_shop_competitors_out_of_business, minmay_crystal_room,
          minmay_tromino_v7
D:2:      wad_crossroads, layout_basic, hellmonk_ecumenical_altar_dog_temple,
          uniq_jessica
D:3:      layout_basic, serial_forest, infiniplex_forest_lined_3,
          infiniplex_forest_zigzag_1, infiniplex_forest_straight_2,
          infiniplex_forest_straight_4, infiniplex_forest_diagonal,
          infiniplex_forest_end_3, wad_orctagon

Skill      XL: |  1  2 |
---------------+-------+-----
Stealth        | 6 |  6.5
Fighting       | |  2.0
Short Blades   | |  2.1
Throwing       | |  2.0
Dodging        | |  1.0

Action                   || total
-------------------------++-------
Melee: Dagger            ||    21
       Constrict         ||     8
       Tentacles         ||     4
  Use: Scroll            ||     1
 Stab: Sleeping          ||     3
Dodge: Dodged            ||    17
